 Dungeon Crawl Stone Soup version 0.20.1-1-g8b1a95d (console) character file.

1758 hilaritas the Archer (level 8, 0/111 HPs)
             Began as a Centaur Hunter on Jan 27, 2018.
             Was an Initiate of Okawaru.
             Slain by a troll (7 damage)
             ... on level 6 of the Dungeon.
             The game lasted 00:22:46 (7612 turns).

hilaritas the Archer (Centaur Hunter)               Turns: 7612, Time: 00:22:46

Health: 0/111      AC: 24    Str: 15    XL:     8   Next: 79%
Magic:  8/8        EV:  1    Int: 10    God:    Okawaru [......]
Gold:   488        SH:  0    Dex: 14    Spells: 3/7 levels left

rFire    . . .     SeeInvis .   a - +2 shortbow
rCold    . . .     Gourm    .   (shield currently unavailable)
rNeg     + + +     Faith    .   (armour currently unavailable)
rPois    +         Spirit   .   (helmet currently unavailable)
rElec    .         Reflect  .   (cloak currently unavailable)
rCorr    .         Harm     .   (gloves currently unavailable)
MR       .....     NoTele   +   (no barding)
Stlth    +.........             (no amulet)
Regen    0.3/turn               m - +2 ring of dexterity
MPRegen  0.2/turn               (no ring)

@: tree-form
A: no striking features
a: Renounce Religion


You were on level 6 of the Dungeon.
You worshipped Okawaru.
Okawaru was noncommittal.
You were hungry.
You were a tree.
You visited 2 branches of the dungeon, and saw 7 of its levels.
You also visited: Sewer and Ossuary.

You collected 488 gold pieces.

Inventory:

Hand Weapons
 a - a +2 shortbow (weapon)
 b - a +0 short sword
Missiles
 d - 13 arrows (quivered)
Armour
 t - a +0 cloak (melded)
 v - the +4 robe of Mybiuxac (melded) {MR+ Regen+ Str+4}
   (You found it on level 4 of the Dungeon)

   It affects your strength (+4).
   It affects your resistance to hostile enchantments.
   It increases your rate of regeneration.
Jewellery
 m - a +2 ring of dexterity (left branch)
Wands
 c - a wand of lightning (8/15)
Scrolls
 l - a scroll of blinking
 p - 2 scrolls of remove curse
 r - 5 scrolls of teleportation
 s - a scroll of magic mapping
 y - a scroll of enchant armour
Potions
 e - 3 potions of cancellation
 g - 6 potions of flight
 h - 7 potions of curing
 i - 3 potions of heal wounds
 j - 2 potions of lignification
 n - 3 potions of magic {unknown}
 o - 2 potions of degeneration {unknown}
 q - 3 potions of brilliance {unknown}
 w - a potion of might {unknown}
 x - a potion of berserk rage {unknown}
 A - 2 potions of ambrosia {unknown}
 B - 3 potions of resistance {unknown}
Comestibles
 f - 3 bread rations
 k - 4 meat rations
 u - 6 fruits


   Skills:
 * Level 7.9 Fighting
 - Level 2.0 Short Blades
 - Level 10.3 Bows
 - Level 1.3 Armour
 * Level 2.8 Dodging
 - Level 0.4 Stealth


You had 3 spell levels left.
You knew the following spells:

 Your Spells              Type           Power        Failure   Level  Hunger
a - Regeneration          Chrm/Necr      #.........   75%         3    ####...
b - Corona                Hex            #......      36%         1    ##.....


Dungeon Overview and Level Annotations

Branches:
Dungeon (6/15)             Temple (1/1) D:6

Altars:
Ashenzari
Cheibriados
Dithmenos
Elyvilon
Gozag
Hepliaklqana
Kikubaaqudgha
Okawaru
Qazlal
Ru
Sif Muna
Vehumet
Xom
Yredelemnul
Zin


Innate Abilities, Weirdness & Mutations

((You have hooves in place of feet.))
((Armour fits poorly on your strangely shaped body.))
((You cover ground very quickly.))
((You have extremely tough skin. (AC +3)))


Message History

You shoot an arrow. The arrow hits the troll.
The troll is severely wounded.
The troll bites you but does no damage. The troll claws you.
* * * LOW HITPOINT WARNING * * *
The troll claws you but does no damage.
Firing (i - inventory):
d - 15 arrows (quivered)
Press: ? - help, Shift-Dir - straight line, f/p - troll
Aim: a troll (severely wounded)
You shoot an arrow. The arrow barely misses the troll.
The troll bites you but does no damage.
The troll claws you but does no damage. x2
Unknown command.
Firing (i - inventory):
d - 14 arrows (quivered)
Press: ? - help, Shift-Dir - straight line, f/p - troll
Aim: a troll (severely wounded)
You shoot an arrow. The arrow hits the troll.
The troll is severely wounded.
The troll bites you.
* * * LOW HITPOINT WARNING * * *
The troll claws you!
You die...

#....#..##.........
#.......###.#.#.###
.......#...##....#...#
.....###...##..#.#...#
.....####..##..#.# ..#
.....+.....##....# ..#
.... #.....##..#.# #
##### #...#.##.##.# #
....########.##.##'#####
....<.)......##.#......8
...##.♣####.##.#.......
##T# #..#.#.....#8 #(#
##.#.#.....## #..
#.#.##+##.+# #..
#.#.##.##.## #...
...#[.##[## #(..
#..#..##.## ##.(.
##..#..##.##
#..........#
#.#.........
#.#..#.##.##


You could see a troll.

Vanquished Creatures
  Grinder (Sewer)
  Sigmund (D:6)
  Edmund (D:6)
  The ghost of hilaritas the Ruffian, an amateur TrFi (D:3)
  A sky beast (D:5)
  2 ogres
  2 big kobolds (Sewer)
  A crimson imp (D:6)
  A quasit (Sewer)
  An orc priest (D:4)
  Crazy Yiuf (D:2)
  3 orc wizards (D:4)
  Jessica (D:2)
  2 iguanas
  A worker ant (D:4)
  3 big kobold zombies (Sewer)
  8 mummies (Ossuary)
  7 gnolls
  7 adders
  2 shadow imps (Sewer)
  3 ufetubi (Sewer)
  4 adder zombies
  An ooze (D:3)
  3 dart slugs
  3 leopard geckos (D:3)
  15 orcs
  10 bats
  7 giant cockroaches
  6 hobgoblins
  6 jackals (D:3)
  23 kobolds
  4 quokkas
  3 frilled lizards
  A giant cockroach zombie (Sewer)
  A gnoll zombie (Ossuary)
  6 goblins
  3 hobgoblin zombies (Ossuary)
  2 kobold zombies (Ossuary)
  2 orc zombies (Ossuary)
  14 rats
164 creatures vanquished.

Vanquished Creatures (others)
  Ijyb (D:5)
  2 big kobold zombies (Sewer)
  An orc (D:5)
  A hobgoblin (D:2)
5 creatures vanquished.

Grand Total: 169 creatures vanquished

Notes
Turn   | Place    | Note
-------+----------+-------------------------------------------
     0 | D:1      | hilaritas the Centaur Hunter began the quest for the Orb.
     0 | D:1      | Reached XP level 1. HP: 17/17 MP: 1/1
   337 | D:1      | Reached XP level 2. HP: 24/24 MP: 2/2
   670 | D:1      | Reached skill level 6 in Bows
  1142 | D:2      | Noticed Jessica
  1155 | D:2      | Killed Jessica
  1155 | D:2      | Reached XP level 3. HP: 13/30 MP: 3/3
  1389 | D:2      | Found a basalt altar of Yredelemnul.
  1389 | D:2      | Found a radiant altar of Vehumet.
  1423 | D:2      | You fall through a shaft for 2 floors!
  1445 | D:4      | Reached skill level 7 in Bows
  1445 | D:4      | Reached XP level 4. HP: 9/37 MP: 4/4
  1802 | D:3      | Found a glowing drain.
  1870 | Sewer    | Entered a sewer
  2102 | Sewer    | Reached XP level 5. HP: 38/44 MP: 5/5
  2239 | Sewer    | Found a burning altar of Makhleb.
  2255 | Sewer    | Reached skill level 8 in Bows
  2574 | Sewer    | Reached XP level 6. HP: 31/52 MP: 6/6
  2715 | Sewer    | Noticed Grinder
  2733 | Sewer    | Paralysed by Grinder for 3 turns
  2746 | Sewer    | Killed Grinder
  2746 | Sewer    | Reached skill level 9 in Bows
  2746 | Sewer    | Reached XP level 7. HP: 32/60 MP: 7/7
  2926 | Sewer    | Reached skill level 5 in Fighting
  3233 | D:3      | Learned a level 3 spell: Regeneration
  3529 | D:2      | Found a shadowy altar of Dithmenos.
  3858 | D:2      | Found a runed door.
  3862 | D:2      | Noticed Crazy Yiuf
  3873 | D:2      | Killed Crazy Yiuf
  4451 | D:3      | Noticed hilaritas's ghost (amateur TrFi)
  4467 | D:3      | HP: 6/61 [hilaritas's ghost (9)]
  4471 | D:3      | Killed hilaritas's ghost
  4471 | D:3      | Reached skill level 10 in Bows
  5561 | D:4      | Reached XP level 8. HP: 44/70 MP: 8/8
  5858 | D:4      | Found a deep blue altar of Sif Muna.
  5899 | D:4      | Got a ripped robe
  5910 | D:4      | Identified the +4 robe of Mybiuxac {MR+ Regen+ Str+4} (You found it on level 4 of the Dungeon)
  6146 | D:4      | Reached skill level 1 in Armour
  6215 | D:5      | Entered Level 5 of the Dungeon
  6217 | D:5      | Found a sand-covered staircase.
  6220 | D:5      | Noticed Ijyb
  6231 | D:5      | Killed Ijyb
  6249 | Ossuary  | Entered an ossuary
  6615 | D:5      | Learned a level 1 spell: Corona
  6810 | D:5      | Reached skill level 1 in Short Blades
  7112 | D:6      | Noticed Sigmund
  7116 | D:6      | Killed Sigmund
  7238 | D:6      | Noticed Edmund
  7252 | D:6      | Killed Edmund
  7279 | D:6      | Found a staircase to the Ecumenical Temple.
  7288 | Temple   | Entered the Ecumenical Temple
  7367 | Temple   | Became a worshipper of Warmaster Okawaru
  7594 | D:6      | Noticed a troll
  7610 | D:6      | HP: 11/111 [troll (1)]
  7612 | D:6      | Slain by a troll

Skill      XL: |  1  2  3  4  5  6  7  8 |
---------------+-------------------------+-----
Bows           | 6 7 8 9 10 | 10.3
Fighting       | 4 6 7 |  7.9
Armour         | 1 |  1.3
Dodging        | 2 |  2.8
Short Blades   | 2 |  2.0
Stealth        | |  0.4

Action                   |  1- 3 |  4- 6 |  7- 9 || total
-------------------------+-------+-------+-------++-------
Melee: Short sword       |    49 |   132 |   150 ||   331
       Kick              |     9 |    37 |    52 ||    98
 Fire: Shortbow          |    52 |    34 |   260 ||   346
  Use: Scroll            |     5 |     1 |     9 ||    15
       Potion            |       |     3 |     2 ||     5
  Eat: Chunk             |     1 |     3 |     8 ||    12
       Bread ration      |       |       |     1 ||     1
Armor: Leather armour    |    25 |    60 |    47 ||   132
       Robe              |       |       |    28 ||    28
       Skin              |       |       |     7 ||     7
Dodge: Dodged            |    41 |    81 |    90 ||   212
